 Dungeon Crawl Stone Soup version 0.28.0-62-gf88900778d (webtiles) character file.

Game seed: 17548968673605801990

16115 cbfl8 the Impaler (level 12, -9/85 HPs)
             Began as a Merfolk Fighter on Mar 28, 2024.
             Was a Priest of Hepliaklqana.
             Mangled by a skeletal warrior
             ... wielding a +0 war axe
             ... led by a skeletal warrior
              (22 damage)
             ... on level 11 of the Dungeon.
             The game lasted 00:19:33 (19746 turns).

cbfl8 the Impaler (Merfolk Fighter)                Turns: 19746, Time: 00:19:33

Health: -9/85      AC: 17    Str: 31    XL:     12   Next: 34%
Magic:  12/12      EV:  7    Int:  9    God:    Hepliaklqana [***...]
Gold:   590        SH:  6    Dex: 18    Spells: 11/11 levels left

rFire   . . .      SeeInvis .   x - +0 trident
rCold   . . .      Faith    .   c - +0 buckler
rNeg    . . .      Spirit   .   B - +0 plate armour
rPois   .          Reflect  .   u - +1 helmet
rElec   .          Harm     .   (no cloak)
rCorr   .          Rampage  .   y - +0 pair of gloves
Will    .....                   (no boots)
Stlth   ..........              g - amulet "Jionur" {Acrobat rF+ rC- Str+8 Stlth+}
HPRegen 0.24/turn               e - +6 ring of strength
MPRegen 0.13/turn               I - ring of ice

@: no status effects
A: reduced essence, (nimble swimmer 2), mertail, clever 1, wild magic 1
a: Renounce Religion, Recall Ancestor, Ancestor Identity, Transference


You were on level 11 of the Dungeon.
You worshipped Hepliaklqana.
Hepliaklqana was most pleased with you.
You visited 2 branches of the dungeon, and saw 14 of its levels.

You collected 695 gold pieces.
You spent 105 gold pieces at shops.

Inventory:

Hand Weapons
 x - a +0 trident (weapon)
Missiles
 o - 2 throwing nets
Armour
 c - a +0 buckler (worn)
 u - a +1 helmet (worn)
 y - a +0 pair of gloves (worn)
 B - a +0 plate armour (worn)
Jewellery
 e - a +6 ring of strength (left hand)
 g - the amulet "Jionur" (around neck) {Acrobat rF+ rC- Str+8 Stlth+}
   (You found it on level 2 of the Dungeon)

   [amulet of the acrobat]

   It increases your evasion while moving and waiting.
   Str:       It affects your strength (+8).
   rF:        It protects you from fire.
   rC:        It makes you vulnerable to cold.
   Stlth:     It makes you more stealthy.
 H - an amulet of reflection
 I - a ring of ice (right hand)
Wands
 l - a wand of flame (12)
 A - a wand of iceblast (1) (quivered)
Scrolls
 b - 3 scrolls of immolation
 d - a scroll of brand weapon {unknown}
 h - a scroll of holy word {unknown}
 j - 2 scrolls of magic mapping {unknown}
 k - 3 scrolls of teleportation
 n - 4 scrolls of enchant weapon
 q - 2 scrolls of enchant armour
 s - 2 scrolls of amnesia {unknown}
 t - 6 scrolls of fear
 w - a scroll of blinking
 J - 2 scrolls of summoning {unknown}
Potions
 a - a potion of cancellation
 f - a potion of invisibility {unknown}
 i - a potion of lignification {unknown}
 m - 11 potions of curing
 p - a potion of resistance {unknown}
 r - a potion of ambrosia {unknown}
 v - 6 potions of heal wounds {unknown}
 C - 2 potions of berserk rage {unknown}
 E - 3 potions of flight {unknown}
 L - a potion of might
Miscellaneous
 F - a box of beasts
 G - a phantom mirror


   Skills:
 + Level 9.0 Fighting
 - Level 3.0(6.6) Axes
 * Level 15.2(15.5) Polearms
 + Level 8.3 Armour
 + Level 6.7 Shields
 * Level 8.2 Evocations


You had 11 spell levels left.
You didn't know any spells.
Your spell library contained the following spells:

 Spells                   Type           Power      Damage    Failure   Level
 Animate Skeleton         Necr           0%         N/A       99%         1
 Apportation              Tloc           0%         N/A       99%         1
 Magic Dart               Conj           0%         1d3       99%         1
 Pain                     Necr           0%         1d4       99%         1
 Summon Small Mammal      Summ           0%         N/A       99%         1
 Call Imp                 Summ           0%         N/A       100%        2
 Call Canine Familiar     Summ           0%         N/A       100%        3
 Conjure Flame            Conj/Fire      0%         6-21      100%        3
 Ignite Poison            Fire/Tmut/Pois 0%         N/A       100%        3
 Mephitic Cloud           Conj/Pois/Air  0%         N/A       100%        3
 Portal Projectile        Hex/Tloc       0%         N/A       100%        3
 Vampiric Draining        Necr           0%         2d6       100%        3
 Leda's Liquefaction      Hex/Erth       0%         N/A       100%        4
 Sticky Flame             Conj/Fire      0%         2d3       100%        4


Dungeon Overview and Level Annotations

Branches:
Dungeon (13/15)            Temple (1/1) D:5            Lair (0/6) D:8
    Orc (0/2) D:9
 Vaults: D:13-14

Altars:
Cheibriados
Gozag
Hepliaklqana
Okawaru
Trog
Uskayaw
Yredelemnul

Shops:
D:4 *

Annotations:
D:11 Eryximachus's ghost, journeyman VSWz


Innate Abilities, Weirdness & Mutations

Your life essence is reduced to manifest your ancestor. (-10% HP)
((You are very nimble when in or above water. (Stealth+, EV+, Speed+++)))
Your lower body shifts to a powerful aquatic tail in water.
Your mind is acute. (Int +2)
Your spells are a little harder to cast, but a little more powerful.


Message History

Unknown command.
You completely miss the skeletal warrior.
The skeletal warrior is heavily damaged.
The skeletal warrior barely misses you.
The skeletal warrior hits Valentine but does no damage.
Valentine hits the skeletal warrior with a +0 flail.
Unknown command.
You hit the skeletal warrior.
The skeletal warrior is heavily damaged.
Unknown command.
You puncture the skeletal warrior!
The skeletal warrior is severely damaged.
The skeletal warrior hits you with a +0 war axe.
The skeletal warrior hits Valentine with a +0 war axe.
Valentine hits the skeletal warrior with a +0 flail.
Unknown command.
You closely miss the skeletal warrior.
The skeletal warrior is severely damaged.
The skeletal warrior hits you with a +0 war axe!!
* * * LOW HITPOINT WARNING * * *
The skeletal warrior hits Valentine with a +0 war axe!
Valentine hits the skeletal warrior with a +0 flail.
Unknown command.
You hit the skeletal warrior but do no damage.
The skeletal warrior is severely damaged.
Unknown command.
You hit the skeletal warrior but do no damage.
The skeletal warrior is severely damaged.
The skeletal warrior hits you with a +0 war axe!
* * * LOW HITPOINT WARNING * * *
The skeletal warrior hits Valentine with a +0 war axe!!
Valentine is destroyed!
Aiming: Iceblast
Press: ? - help, Q - select action, (/) - cycle Shift-Dir - straight line The mass of ice explodes!
The iceblast engulfs the skeletal warrior!!
The skeletal warrior partially resists.
The skeletal warrior is almost destroyed.
The skeletal warrior hits you with a +0 war axe!!
You die...

.# #.#.. #.#..#..###... .# ..'# #
# . #'.##..#....# .# ..# z. . .#.
#.#.##....#### .##..# #..#.
#(##..#.##...## .....#
....#.#.#.....#.#R.#..# #
#..#.#.#.#..#.#......#..####.####
##.#.'.... #[#.#.....'.#####..#..
#....# .# #.#......#..........#
.....# .. #)#@....#........###
..#..### .# #.z|#...#.######..##
####.#(# #. #.#..###.#.# #...#
#..'. #..# #......'.# #..##.
##..#.# #..# #..###.#.#####.####
#...##.###..#.....#.#...##..# #
##...###'####'####'###......# #
........................###.## #.
##........######..#..#####...##..


You could see a skeletal warrior.

Vanquished Creatures
  4 two-headed ogres
  A skeletal warrior (D:11)
  A wolf spider (D:13)
  An ugly thing (D:11)
  2 manticores (D:12)
  A komodo dragon (D:8)
  A kobold demonologist (D:12)
  3 trolls
  A slime creature (D:12)
  A shadow (D:10)
  8 yaks
  3 vampire mosquitoes (D:11)
  Menkaure (D:7)
  A water moccasin (D:7)
  2 black bears
  2 orc warriors
  2 hornet zombies
  An ice beast (D:5)
  An ogre (D:6)
  4 centaurs
  3 phantoms
  A kobold brigand (D:11)
  3 bullfrogs
  A wyvern zombie (D:7)
  A killer bee (D:11)
  2 water moccasin skeletons
  8 wights
  2 howler monkeys
  3 centaur zombies
  A bullfrog zombie (D:5)
  4 hounds
  2 jellies
  5 orc priests
  A bullfrog skeleton (D:6)
  3 iguanas
  8 orc wizards
  2 hound skeletons (D:4)
  2 howler monkey zombies
  2 gnolls (D:8)
  9 adders
  A white imp (D:7)
  2 ufetubi
  An adder skeleton (D:4)
  A worm (D:3)
  2 dart slugs (D:1)
  35 orcs
  2 ball pythons
  9 endoplasms
  A giant cockroach (D:3)
  4 hobgoblins
  2 quokkas (D:1)
  4 bats
  4 frilled lizards
  7 goblins
  5 kobolds
  5 rats
189 creatures vanquished.

Vanquished Creatures (collateral kills)
  A jorogumo (shapeshifter) (D:11)
  An ugly thing (D:13)
  3 manticores
  A komodo dragon (D:12)
  An unseen horror (D:10)
  A kobold demonologist (D:12)
  2 slime creatures (D:12)
  A centaur simulacrum (D:11)
  A wraith (D:11)
  3 yaks (D:10)
  A vampire mosquito (D:11)
  2 acid dragons
  An orc warrior (D:9)
  A centaur (D:11)
  A gnoll sergeant (D:8)
  2 killer bees (D:11)
  A wight (D:8)
  An iguana (D:7)
  3 orc wizards
  A gnoll (D:8)
  4 orcs
33 creatures vanquished.

Vanquished Creatures (others)
  An acid dragon (D:11)
  4 knights
  3 plants (D:8)
8 creatures vanquished.

Grand Total: 230 creatures vanquished

Notes
Turn   | Place    | Note
-------+----------+-------------------------------------------
     0 | D:1      | cbfl8 the Merfolk Fighter began the quest for the Orb.
     0 | D:1      | Reached XP level 1. HP: 18/18 MP: 1/1
   313 | D:1      | Reached XP level 2. HP: 23/24 MP: 2/2
  1071 | D:2      | Noticed a black bear
  1345 | D:2      | Reached XP level 3. HP: 29/29 MP: 3/3
  1367 | D:2      | Found a faded altar of an unknown god.
  1408 | D:2      | Identified the amulet "Jionur" {Acrobat rF+ rC- Str+8
                  | Stlth+}
  1736 | D:2      | Killed a black bear
  1737 | D:2      | Reached skill level 1 in Evocations
  1737 | D:2      | Reached XP level 4. HP: 25/37 MP: 4/4
  1737 | D:2      | Reached XP level 5. HP: 29/42 MP: 5/5
  2963 | D:4      | Reached skill level 1 in Polearms
  2963 | D:4      | Reached XP level 6. HP: 35/48 MP: 6/6
  3210 | D:4      | Reached skill level 2 in Polearms
  3971 | D:4      | Reached XP level 7. HP: 44/54 MP: 7/7
  4088 | D:4      | Reached skill level 3 in Polearms
  4369 | D:4      | Found Gimaer's General Store.
  4378 | D:4      | Bought a scroll of blinking for 105 gold pieces
  4621 | D:5      | Entered Level 5 of the Dungeon
  4824 | D:5      | Found a staircase to the Ecumenical Temple.
  4929 | Temple   | Entered the Ecumenical Temple
  4935 | Temple   | Became a worshipper of Hepliaklqana the Forgotten
  5422 | D:5      | Reached skill level 4 in Polearms
  5646 | D:5      | Reached skill level 5 in Fighting
  5646 | D:5      | Reached XP level 8. HP: 37/62 MP: 8/8
  6483 | D:6      | Found a snail-covered altar of Cheibriados.
  6535 | D:6      | Reached skill level 5 in Polearms
  7225 | D:7      | Reached skill level 5 in Armour
  7516 | D:7      | Reached XP level 9. HP: 60/69 MP: 9/9
  7683 | D:7      | Reached * piety under Hepliaklqana
  7840 | D:7      | Noticed Menkaure
  7849 | D:7      | Reached skill level 6 in Polearms
  7852 | D:7      | Killed Menkaure
  7853 | D:7      | Reached skill level 5 in Shields
  8691 | D:8      | Reached skill level 7 in Polearms
  8767 | D:8      | Reached skill level 5 in Evocations
  9006 | D:8      | Found an opulent altar of Gozag.
  9083 | D:8      | Reached ** piety under Hepliaklqana
  9084 | D:8      | Remembered your ancestor Valentine as a knight
  9096 | D:8      | Reached skill level 8 in Polearms
  9630 | D:8      | Found a staircase to the Lair.
  9631 | D:8      | Noticed a komodo dragon
  9653 | D:8      | Killed a komodo dragon
  9654 | D:8      | Reached skill level 9 in Polearms
  9970 | D:9      | Found a staircase to the Orcish Mines.
  9978 | D:9      | Noticed a two-headed ogre
  9987 | D:9      | Killed a two-headed ogre
  9988 | D:9      | Reached skill level 10 in Polearms
  9988 | D:9      | Reached XP level 10. HP: 25/71 MP: 10/10
 10922 | D:9      | Reached skill level 11 in Polearms
 12021 | D:10     | Entered Level 10 of the Dungeon
 12308 | D:10     | Noticed a two-headed ogre
 12906 | D:10     | Reached skill level 12 in Polearms
 12912 | D:10     | Killed a two-headed ogre
 13171 | D:10     | Reached XP level 11. HP: 40/75 MP: 11/11
 13183 | D:10     | Reached skill level 13 in Polearms
 13691 | D:10     | Reached *** piety under Hepliaklqana
 14561 | D:11     | Noticed a centaur warrior
 14562 | D:11     | Noticed a manticore
 14562 | D:11     | Noticed a manticore
 14592 | D:11     | Noticed a soul eater
 14692 | D:11     | Noticed a skeletal warrior
 14711 | D:11     | Killed a skeletal warrior
 14712 | D:11     | Killed a manticore
 14866 | D:11     | Reached skill level 14 in Polearms
 14971 | D:11     | Noticed a skeletal warrior
 14972 | D:11     | Noticed a skeletal warrior
 14978 | D:11     | Noticed Eryximachus's ghost (journeyman VSWz)
 14978 | D:11     | Noticed a two-headed ogre
 14979 | D:11     | Noticed a two-headed ogre
 14980 | D:11     | Found a bloodstained altar of Trog.
 14982 | D:11     | Noticed a moth of wrath
 15186 | D:12     | Noticed a manticore
 15198 | D:12     | Killed a manticore
 15418 | D:12     | Noticed a manticore
 15423 | D:12     | Killed a manticore
 17163 | D:12     | Noticed a sixfirhy
 17436 | D:11     | Noticed a seven-headed hydra
 17439 | D:11     | Noticed a black draconian
 17439 | D:11     | a seven-headed hydra changed into a black draconian
 18006 | D:11     | Noticed an ettin
 18018 | D:11     | Noticed a jorogumo
 18018 | D:11     | an ettin changed into a jorogumo
 18031 | D:11     | Paralysed by a jorogumo for 2 turns
 18046 | D:11     | Killed a jorogumo
 18057 | D:11     | Noticed a tengu warrior
 18063 | D:11     | HP: 3/78 [skeletal warrior/+0 halberd[a skeletal warrior]
                  | (25)]
 18386 | D:12     | Gained mutation: You are dopey. (Int -2) [potion of
                  | mutation]
 18387 | D:12     | Lost mutation: You are dopey. (Int -2) [potion of mutation]
 18387 | D:12     | Gained mutation: Armour fits poorly on your strangely
                  | shaped body. [potion of mutation]
 18387 | D:12     | Gained mutation: You expend magic power (3 MP) to
                  | strengthen your wands. [potion of mutation]
 18388 | D:12     | Lost mutation: You expend magic power (3 MP) to strengthen
                  | your wands. [potion of mutation]
 18388 | D:12     | Lost mutation: Armour fits poorly on your strangely shaped
                  | body. [potion of mutation]
 18388 | D:12     | Gained mutation: Your mind is acute. (Int +2) [potion of
                  | mutation]
 18388 | D:12     | Gained mutation: Your spells are a little harder to cast,
                  | but a little more powerful. [potion of mutation]
 18439 | D:13     | Noticed a two-headed ogre
 18446 | D:13     | Noticed a boulder beetle
 18448 | D:13     | Killed a two-headed ogre
 18449 | D:13     | Reached XP level 12. HP: 60/84 MP: 12/12
 18650 | D:13     | a boulder beetle changed into a wolf spider
 19261 | D:13     | Reached skill level 15 in Polearms
 19581 | D:11     | Noticed a two-headed ogre
 19614 | D:11     | Killed a two-headed ogre
 19702 | D:11     | Identified the +6 short sword "Ucriseoc" {vamp, rF+ Int+5
                  | Stlth+}
 19746 | D:11     | Mangled by a skeletal warrior

Illustrated notes

Levels and vault maps discovered:
D:1:      noname_arrival_rooms_in_the_neighbourhood, layout_loops_ring,
          wad_floor_pattern_untrapped
D:2:      layout_rooms, hellmonk_ecumenical_altar_leap_of_faith
D:3:      layout_loops_ring, minmay_misc_feat_rugged
D:4:      layout_basic, serial_shops, nicolae_shop_behind_doors
D:5:      layout_basic, temple_pool_b
D:6:      layout_loops_ring, overflow_temple_1_default, minmay_circle_x
D:7:      layout_cave_pools, uniq_menkaure
D:8:      layout_basic, grunt_gozag_breadcrumbs, david_lair_shrubbed,
          serial_curves, eino_curves_03, eino_curves_02
D:9:      layout_basic, orc_0_dummy
D:10:     layout_long_grid, kennysheep_dice
D:11:     layout_layer_cave, gammafunk_ghost_wrathful_warriors,
          minmay_the_grid_square_5x5_3x3_mashed
          [minmay_the_grid_square_5x5_slash,
          minmay_the_grid_square_5x5_checkered_sparse,
          minmay_the_grid_square_5x5_two_small, minmay_the_grid_square_5x5_v,
          minmay_the_grid_square_5x5_megaprize_checkered,
          minmay_the_grid_square_5x5_sharp_hourglass,
          minmay_the_grid_square_5x5_corner, minmay_the_grid_square_5x5_dogpile,
          minmay_the_grid_square_5x5_forky]
D:12:     layout_cave_pods
D:13:     layout_long_grid, hangedman_vaults_entry_quadrant_bands, special_room
          [special_room_orc], serial_shops, nicolae_square_shop, uniq_nessos,
          uniq_frances
Temple:   regret_index_temple_chain_breaker

Skill      XL: |  1  2  3  4  5  6  7  8  9 10 11 12 |
---------------+-------------------------------------+-----
Axes           | 2 3 |  3.0
Evocations     | 1 2 3 4 5 6 7 8 |  8.2
Armour         | 3 4 5 6 7 8 |  8.3
Polearms       | 1 2 4 5 10 12 14 15 | 15.2
Fighting       | 4 5 7 8 9 |  9.0
Shields        | 4 5 6 |  6.7

Action                   |  1- 3 |  4- 6 |  7- 9 | 10-12 || total
-------------------------+-------+-------+-------+-------++-------
Melee: War axe           |    34 |       |       |       ||    34
       Hand axe          |    28 |   136 |   203 |       ||   367
       Trident           |       |       |   166 |   484 ||   650
       Unarmed           |       |       |     2 |       ||     2
Invok: Ancestor Life: Kn |       |       |     1 |       ||     1
       Recall Ancestor   |       |       |       |     3 ||     3
       Ancestor Identity |       |       |       |     1 ||     1
Evoke: Wand              |       |       |       |    20 ||    20
  Use: Potion            |     3 |       |     1 |     3 ||     7
       Scroll            |       |     3 |     1 |     7 ||    11
 Stab: Distracted        |       |       |     1 |     5 ||     6
       Paralysed         |       |       |       |    14 ||    14
Armor: Scale mail        |    41 |    25 |    15 |       ||    81
       Chain mail        |       |       |    64 |       ||    64
       Plate armour      |       |       |    79 |   167 ||   246
Dodge: Dodged            |    22 |    66 |   121 |   129 ||   338
Block: Buckler           |    14 |    29 |    98 |    88 ||   229
